 Dungeon Crawl Stone Soup version 0.22-a0-571-g4a923d4 (webtiles) character file.

4957 Hebeh the Cleaver (level 10, 0/90 HPs)
             Began as a Minotaur Fighter on July 1, 2018.
             Was a Believer of Trog.
             Slain by a seven-headed hydra (10 damage)
             ... on level 8 of the Dungeon.
             The game lasted 00:26:17 (6821 turns).

Hebeh the Cleaver (Minotaur Fighter)                Turns: 6821, Time: 00:26:19

Health: 0/90       AC: 18    Str: 29    XL:     10   Next: 28%
Magic:  11/11      EV:  6    Int:  5    God:    Trog [**....]
Gold:   263        SH: 12    Dex: 11    Spells: 9/9 levels left

rFire    + . .     SeeInvis +   b - +1 flail "Jiptuff" {speed, Str+6}
rCold    + . .     Gourm    .   c - +0 shield
rNeg     . . .     Faith    .   D - +0 plate armour
rPois    .         Spirit   .   (helmet restricted)
rElec    .         Reflect  .   t - scarf {rC+ rF+}
rCorr    .         Harm     .   n - +0 pair of gloves
MR       .....                  (no boots)
Stlth    ..........             x - amulet of regeneration
HPRegen  0.65/turn              k - ring of see invisible
MPRegen  0.12/turn              y - +3 ring of protection

@: no status effects
A: retaliatory headbutt, horns 2
a: Berserk, Trog's Hand, Renounce Religion


You were on level 8 of the Dungeon.
You worshipped Trog.
Trog was pleased with you.
You were very hungry.

You visited 3 branches of the dungeon, and saw 10 of its levels.

You collected 367 gold pieces.
You spent 104 gold pieces at shops.

Inventory:

Hand Weapons
 a - a +0 war axe of draining
 b - the +1 flail "Jiptuff" (weapon) {speed, Str+6}
   (You found it on level 8 of the Dungeon)

   Attacks with this weapon are significantly faster.
   It affects your strength (+6).
 F - a +4 battleaxe
 J - a +2 trident of freezing
Missiles
 I - 4 poisoned tomahawks (quivered)
Armour
 c - a +0 shield (worn)
 n - a +0 pair of gloves (worn)
 t - a scarf of resistance (worn)
 D - a +0 plate armour (worn)
Jewellery
 k - a ring of see invisible (left hand)
 m - an uncursed ring of protection from cold
 x - an amulet of regeneration (around neck)
 y - a +3 ring of protection (right hand)
Wands
 u - a wand of iceblast (8)
 G - a wand of enslavement (9)
 H - a wand of paralysis (15)
Scrolls
 g - 2 scrolls of amnesia {unknown}
 h - 4 scrolls of magic mapping {unknown}
 i - 10 scrolls of remove curse
 j - 9 scrolls of teleportation
 l - 5 scrolls of identify
 q - 2 scrolls of immolation {unknown}
 s - 2 scrolls of enchant weapon {unknown}
 v - 2 scrolls of enchant armour {unknown}
 w - 4 scrolls of blinking {unknown}
 C - 2 scrolls of noise {unknown}
 E - a scroll of acquirement {unknown}
Potions
 d - 2 potions of might
 e - a potion of invisibility {unknown}
 o - 4 potions of curing
 p - 2 potions of haste
 r - a potion of ambrosia {unknown}
 z - a potion of resistance {unknown}
 A - a potion of magic {unknown}
 B - 3 potions of agility
Comestibles
 f - 12 rations


   Skills:
 + Level 8.5 Fighting
 * Level 10.8(10.9) Axes
 + Level 2.4(7.3) Maces & Flails
 + Level 3.5 Throwing
 + Level 8.3 Armour
 + Level 8.3 Shields
 + Level 3.0 Evocations


You had 9 spell levels left.
You didn't know any spells.
Your spell library was empty.

Dungeon Overview and Level Annotations

Branches:
Dungeon (8/15)             Temple (1/1) D:5            Lair (1/6) D:8

Altars:
Ashenzari
Cheibriados
Elyvilon
Fedhas
Kikubaaqudgha
Makhleb
Nemelex Xobeh
Okawaru
Ru
Trog
Zin
The Shining One

Shops:
D:4 ?

Annotations:
D:4 1 runed door, Hebeh's ghost, amateur MiFi


Innate Abilities, Weirdness & Mutations

You reflexively headbutt those who attack you in melee.
You have a pair of horns on your head.


Message History

The seven-headed hydra bites you.
* * * LOW HITPOINT WARNING * * *
You hit the seven-headed hydra. You headbutt the seven-headed hydra.
The seven-headed hydra is heavily wounded.
Your plate armour prevents you from hitting the seven-headed hydra.
The seven-headed hydra is heavily wounded.
The seven-headed hydra bites you but does no damage.
The seven-headed hydra barely misses you.
The seven-headed hydra bites you.
* * * LOW HITPOINT WARNING * * *
The seven-headed hydra barely misses you. x2
The seven-headed hydra bites you but does no damage.
You block the seven-headed hydra's attack.
You are feeling very hungry.
You sock the seven-headed hydra!
The seven-headed hydra is heavily wounded.
The seven-headed hydra bites you.
* * * LOW HITPOINT WARNING * * *
The seven-headed hydra bites you!
You die...

### #@# #D# #.########
### ####........# #..
##...##.####.# #.#
#..#..#.####.#######.#
#.###.................
#..#.#.#.#........##.#
##...._..#.....##.##.#


You could see a seven-headed hydra.

Vanquished Creatures
  A hydra (Lair:1)
  2 two-headed ogres
  Grinder (D:6)
  Sigmund (D:5)
  A steam dragon (D:7)
  2 orc warriors (D:6)
  A sky beast (D:7)
  An ice beast (D:6)
  A phantom (D:4)
  3 ogres
  A centaur (D:7)
  A bullfrog (D:7)
  A gnoll sergeant (D:8)
  2 scorpions
  A water moccasin skeleton (D:7)
  5 killer bees (D:7)
  4 wights (D:8)
  A howler monkey (D:4)
  A centaur skeleton (D:4)
  2 centaur zombies (D:5)
  2 crimson imps (D:7)
  2 hounds (D:4)
  2 orc wizards (D:3)
  4 orc priests
  2 jellies (D:5)
  An iguana (D:7)
  7 worker ants
  A killer bee zombie (D:7)
  A hound zombie (D:6)
  8 gnolls
  A howler monkey skeleton (D:4)
  9 adders
  2 shadow imps
  2 oozes (D:3)
  A worm (D:2)
  5 dart slugs
  5 leopard geckos
  31 orcs
  6 giant cockroaches
  6 hobgoblins
  5 jackals
  2 quokkas (D:3)
  A ball python (D:7)
  6 bats
  A frilled lizard (D:1)
  7 goblins
  5 kobolds
  9 rats
167 creatures vanquished.

Vanquished Creatures (others)
  An orc wizard (D:7)
1 creature vanquished.

Grand Total: 168 creatures vanquished

Notes
Turn   | Place    | Note
-------+----------+-------------------------------------------
     0 | D:1      | Hebeh the Minotaur Fighter began the quest for the Orb.
     0 | D:1      | Reached XP level 1. HP: 19/19 MP: 0/0
   221 | D:1      | Reached XP level 2. HP: 26/27 MP: 1/1
   231 | D:1      | Reached skill level 3 in Axes
   602 | D:2      | Reached XP level 3. HP: 32/33 MP: 2/2
  1027 | D:2      | Reached XP level 4. HP: 40/40 MP: 3/3
  1276 | D:3      | Reached skill level 4 in Axes
  1442 | D:3      | Found an iron altar of Okawaru.
  1447 | D:3      | Reached XP level 5. HP: 47/47 MP: 4/4
  1737 | D:4      | Reached skill level 5 in Axes
  1760 | D:4      | Reached XP level 6. HP: 34/55 MP: 5/5
  1911 | D:3      | Reached skill level 5 in Fighting
  1911 | D:3      | Reached skill level 5 in Armour
  1911 | D:3      | Reached skill level 5 in Shields
  2097 | D:4      | Found Gyts's Magic Scroll Emporium.
  2107 | D:4      | Reached skill level 6 in Axes
  2126 | D:4      | Bought a scroll of identify for 26 gold pieces
  2126 | D:4      | Bought a scroll of teleportation for 39 gold pieces
  2126 | D:4      | Bought a scroll of remove curse for 39 gold pieces
  2212 | D:4      | Reached XP level 7. HP: 61/61 MP: 6/6
  2596 | D:4      | Noticed Hebeh's ghost (amateur MiFi)
  2598 | D:4      | Found a runed door.
  2799 | D:5      | Entered Level 5 of the Dungeon
  2968 | D:5      | Found a staircase to the Ecumenical Temple.
  2987 | D:5      | Reached skill level 7 in Axes
  3002 | Temple   | Entered the Ecumenical Temple
  3063 | Temple   | Became a worshipper of Trog the Wrathful
  3233 | D:5      | Found a snail-covered altar of Cheibriados.
  3245 | D:5      | Noticed Sigmund
  3263 | D:5      | Killed Sigmund
  3263 | D:5      | Reached XP level 8. HP: 49/71 MP: 7/7
  3567 | D:6      | Reached skill level 8 in Axes
  3686 | D:6      | Noticed Grinder
  3694 | D:6      | Paralysed by Grinder for 7 turns
  3704 | D:6      | Killed Grinder
  4380 | D:6      | Found a sacrificial altar of Ru.
  4380 | D:6      | Found a snail-covered altar of Cheibriados.
  4816 | D:7      | Reached * piety under Trog
  4816 | D:7      | Reached skill level 9 in Axes
  4952 | D:7      | Reached XP level 9. HP: 75/79 MP: 8/8
  4962 | D:7      | Reached skill level 1 in Throwing
  5051 | D:7      | Reached skill level 1 in Evocations
  5207 | D:7      | Found a white marble altar of Elyvilon.
  5207 | D:7      | Found a glowing golden altar of the Shining One.
  5208 | D:7      | Found a glowing silver altar of Zin.
  5273 | D:7      | Found a sparkling altar of Nemelex Xobeh.
  5396 | D:7      | Found an ancient bone altar of Kikubaaqudgha.
  5619 | D:8      | Noticed a two-headed ogre
  5942 | D:7      | Killed a two-headed ogre
  5942 | D:7      | Reached skill level 10 in Axes
  6077 | D:8      | Got a scorched flail
  6078 | D:8      | Identified the cursed +1 flail "Jiptuff" {speed, Str+6} (You found it on level 8 of the Dungeon)
  6127 | D:8      | Reached ** piety under Trog
  6271 | D:8      | Reached skill level 1 in Maces & Flails
  6377 | D:8      | Noticed a two-headed ogre
  6637 | D:8      | Killed a two-headed ogre
  6637 | D:8      | Reached XP level 10. HP: 90/90 MP: 9/11
  6649 | D:8      | Found a shattered altar of Ashenzari.
  6660 | D:8      | Found a staircase to the Lair.
  6801 | Lair:1   | Entered Level 1 of the Lair of Beasts
  6801 | Lair:1   | Noticed a five-headed hydra
  6804 | Lair:1   | Noticed a seven-headed hydra
  6812 | Lair:1   | Killed a five-headed hydra
  6821 | D:8      | Slain by a seven-headed hydra

Vault maps used:
D:1:      minmay_arrival_nine_rooms, grunt_decor_fettered
D:2:      first_ration
D:3:      okawaru_trees_2
D:4:      hellmonk_ghost_happy_afterlife, serial_shops, shop
D:5:      minmay_temple_entry_statues_fountains, cheibriados_altar_1,
          uniq_sigmund
D:6:      gammafunk_temple_overflow_wave, kennysheep_potato, uniq_grinder
D:7:      good_gods_mini_temple, nicolae_overflow_hidden_temple,
          overflow_temple_1_default
D:8:      lemuel_crystal_altar, lair_entry_dummy
Temple:   minmay_temple_curvy_loop
Lair:1:   gammafunk_ghost_necromancy

Skill      XL: |  1  2  3  4  5  6  7  8  9 10 |
---------------+-------------------------------+-----
Axes           | 3 4 5 6 7 9 10 | 10.8
Fighting       | 4 5 6 7 8 |  8.5
Armour         | 4 5 6 7 8 |  8.3
Shields        | 4 5 6 7 8 |  8.3
Throwing       | 3 |  3.5
Evocations     | 2 3 |  3.0
Maces & Flails | 1 2 |  2.4

Action                   |  1- 3 |  4- 6 |  7- 9 | 10-12 || total
-------------------------+-------+-------+-------+-------++-------
Melee: War axe           |    75 |   121 |   261 |       ||   457
       Headbutt          |    11 |    24 |    53 |     5 ||    93
       Flail             |       |       |    57 |    12 ||    69
Throw: Tomahawk          |       |       |     8 |       ||     8
  Use: Scroll            |       |       |     6 |       ||     6
  Eat: Chunk             |       |     5 |    10 |       ||    15
       Ration            |       |       |     1 |       ||     1
Armor: Scale mail        |    24 |    48 |    47 |       ||   119
       Plate armour      |       |       |    98 |    29 ||   127
Dodge: Dodged            |    27 |    32 |    74 |    13 ||   146
Block: Shield            |    38 |    43 |   162 |    19 ||   262

Table legend:
 A = Spawn XP
 B = Non-spawn XP
 C = Spawn XP percentage of total XP
 D = Spawn monster count
 E = Non-spawn monster count
 F = Spawn count percentage of total count
 G = Total turns spent on level
                    A         B        C        D         E        F      G
               +---------+---------+-------+---------+---------+-------+---------
         Total |       0 |    7082 |   0.0 |       0 |     167 |   0.0 |  6821
               +---------+---------+-------+---------+---------+-------+---------
           D:1 |       0 |      31 |   0.0 |       0 |      18 |   0.0 |   655
           D:2 |       0 |      66 |   0.0 |       0 |      18 |   0.0 |   730
           D:3 |       0 |     219 |   0.0 |       0 |      32 |   0.0 |   667
           D:4 |       0 |     727 |   0.0 |       0 |      26 |   0.0 |   920
           D:5 |       0 |     602 |   0.0 |       0 |       9 |   0.0 |   627
           D:6 |       0 |     857 |   0.0 |       0 |      18 |   0.0 |  1090
           D:7 |       0 |    2214 |   0.0 |       0 |      25 |   0.0 |  1210
           D:8 |       0 |    1367 |   0.0 |       0 |      20 |   0.0 |   800
        Lair:1 |       0 |     999 |   0.0 |       0 |       1 |   0.0 |    15
               +---------+---------+-------+---------+---------+-------+---------
